 Dungeon Crawl Stone Soup version 0.24.0-37-gcf1ca852f1 (webtiles) character file.

Game seed: 8762915997962476911, levelgen mode: deterministic

12299 DildoBatman the Artisan of Death (level 12, -19/85 HPs)
             Began as a Formicid Wizard on Nov 26, 2019.
             Was a Priest of Kikubaaqudgha.
             Demolished by a white ugly thing (26 damage)
             ... on level 11 of the Dungeon.
             The game lasted 00:44:07 (11275 turns).

DildoBatman the Artisan of Death (Formicid Wizard) Turns: 11275, Time: 00:44:07

Health: -19/85     AC:  9    Str: 12    XL:     12   Next: 18%
Magic:  3/23       EV: 13    Int: 27    God:    Kikubaaqudgha [***...]
Gold:   668        SH:  5    Dex:  9    Spells: 5/25 levels left

rFire    + . .     SeeInvis +   a - +3 trident of Uncomfortable Rashes {flame, rF+}
rCold    . . .     Gourm    .   i - +0 buckler
rNeg     . . .     Faith    .   M - +3 leather armour
rPois    .         Spirit   .   (helmet unavailable)
rElec    .         Reflect  .   (no cloak)
rCorr    .         Harm     .   (no gloves)
MR       +....                  N - +2 pair of boots {run}
Stlth    ++........             (no amulet)
HPRegen  0.24/turn              H - +4 ring of intelligence
MPRegen  0.18/turn              (no ring)

@: quick
A: permanent stasis, dig shafts and tunnels, four strong arms, antennae 3
a: Dig, Shaft Self, Receive Corpses, Renounce Religion


You were on level 11 of the Dungeon.
You worshipped Kikubaaqudgha.
Kikubaaqudgha was most pleased with you.
You were not hungry.

You visited 2 branches of the dungeon, and saw 12 of its levels.

You collected 668 gold pieces.

Inventory:

Hand Weapons
 a - the +3 trident of Uncomfortable Rashes (weapon) {flame, rF+}
   (You took it off an orc on level 9 of the Dungeon)

   It has been specially enchanted to burn those struck by it, causing extra
   injury to most foes and up to half again as much damage against particularly
   susceptible opponents.
   It protects you from fire.
 b - a +0 hunting sling
Missiles
 c - 4 curare-tipped darts
 f - 283 arrows
 k - 15 sling bullets
 o - 57 poisoned darts
 s - 153 bolts
 D - 283 stones (quivered)
 K - a throwing net
Armour
 i - a +0 buckler (worn)
 u - a +0 large shield
 M - a +3 leather armour (worn)
 N - a +2 pair of boots of running (worn)
Jewellery
 A - an uncursed ring of ice
 H - a +4 ring of intelligence (left hand)
Wands
 y - a wand of disintegration (24)
 F - a wand of iceblast (6)
 J - a wand of acid (4)
Scrolls
 j - 3 scrolls of fog
 m - 4 scrolls of amnesia
 n - 2 scrolls of teleportation {unknown}
 t - 2 scrolls of fear
 x - 2 scrolls of remove curse
 B - a scroll of immolation {unknown}
 C - 3 scrolls of enchant armour {unknown}
 L - a scroll of magic mapping {unknown}
Potions
 g - 4 potions of curing
 h - 2 potions of heal wounds
 l - a potion of magic {unknown}
 p - 2 potions of agility {unknown}
 q - a potion of berserk rage {unknown}
 r - a potion of mutation {unknown}
 E - 3 potions of ambrosia {unknown}
 I - 3 potions of flight {unknown}
Miscellaneous
 d - a box of beasts
Comestibles
 v - 14 rations
 w - a chunk of flesh


   Skills:
 - Level 4.9 Fighting
 - Level 5.0 Armour
 - Level 4.6 Dodging
 - Level 2.4 Stealth
 * Level 6.7 Shields
 - Level 7.3 Spellcasting
 - Level 6.0 Conjurations
 * Level 3.8 Charms
   Level 1.0 Summonings
 - Level 9.1 Necromancy
   Level 0.8 Translocations
 - Level 5.1 Fire Magic
 - Level 5.0 Air Magic


You had 5 spell levels left.
You knew the following spells:

 Your Spells              Type           Power        Failure   Level  Hunger
a - Conjure Flame         Conj/Fire      #####...     2%          3    None
b - Regeneration          Chrm/Necr      #####.....   1%          3    None
c - Magic Dart            Conj           ####         1%          1    None
d - Vampiric Draining     Necr           ######....   1%          3    None
e - Mephitic Cloud        Conj/Pois/Air  ####....     4%          3    None
h - Dispel Undead         Necr           ######..     4%          5    #####..
z - Sublimation of Blood  Necr           ######....   1%          2    None

Your spell library contained the following spells:

 Spells                   Type           Power        Failure   Level  Hunger
 Flame Tongue             Conj/Fire      #####        1%          1    None
 Infusion                 Chrm           ####         1%          1    None
 Pain                     Necr           ####         1%          1    None
 Corpse Rot               Necr           N/A          1%          2    None
 Throw Flame              Conj/Fire      #####.       1%          2    None
 Animate Dead             Necr           N/A          1%          4    ##.....
 Song of Slaying          Chrm           ####....     2%          2    None
 Shroud of Golubria       Chrm/Tloc      ###...       4%          2    None
 Agony                    Necr           ######..     4%          5    #####..
 Call Imp                 Summ           ###.....     7%          2    None
 Sticky Flame             Conj/Fire      #####...     7%          4    ##.....
 Inner Flame              Hex/Fire       ###.....     8%          3    None
 Spectral Weapon          Hex/Chrm       ###.....     10%         3    None
 Slow                     Hex            #.......     11%         2    None
 Excruciating Wounds      Chrm/Necr      #####.....   14%         5    #####..
 Fireball                 Conj/Fire      #####.....   21%         5    #####..
 Simulacrum               Ice/Necr       ####......   86%         6    ######.
 Blink                    Tloc           Unusable     N/A         2    N/A

Dungeon Overview and Level Annotations

Branches:
Dungeon (11/15)            Temple (1/1) D:6            Lair (0/6) D:10
    Orc (0/2) D:9

Altars:
Ashenzari
Cheibriados
Dithmenos
Elyvilon
Fedhas
Gozag
Hepliaklqana
Kikubaaqudgha
Makhleb
Nemelex Xobeh
Okawaru
Qazlal
Ru
Sif Muna
Trog
Uskayaw
Vehumet
Wu Jian
Xom
Yredelemnul
Zin
The Shining One

Shops:
D:7 :   D:9 [[   D:10 (


Innate Abilities, Weirdness & Mutations

You cannot be hasted, slowed, berserked, paralysed or teleported.
You can dig through walls and to a lower floor.
Your four strong arms can wield two-handed weapons with a shield.
You have a pair of large antennae on your head. (SInv)


Message History

The white ugly thing completely misses you.
You hit the white ugly thing. You burn the white ugly thing.
The white ugly thing is almost dead.
The white ugly thing headbutts you. The white ugly thing freezes you!!
You hit the white ugly thing but do no damage.
The white ugly thing is almost dead.
Attack whom?
Press: ? - help, Dir - move target cursor, f/p - white ugly thing
Aim: a white ugly thing (almost dead, confused)
You reach to attack!
You hit the white ugly thing. You burn the white ugly thing.
The white ugly thing is almost dead.
The white ugly thing seems less confused.
The white ugly thing headbutts you! The white ugly thing freezes you!!
You die...
Kikubaaqudgha rasps: "You have failed me!
Welcome... death!"

#).......#..†# #...
+........###)# #...
#..........#.#######...
#..........#...........
#.....)....#...........
#..........#...#.####..
......☼..###...#)...###
#####u.#†.....#.......
#@.#......####.#..
#..#......#....# #
#..#......#.....
#..#......#.####.
#..#......#. ##
...#......#
...#......###
...#.........
#.........


You could see a white ugly thing.

Vanquished Creatures
  2 two-headed ogres
  A tengu warrior (D:9)
  Pikel (D:7)
  2 trolls (D:9)
  A hippogriff (D:10)
  Sigmund (D:2)
  6 yaks (D:11)
  A vampire (D:9)
  A basilisk (D:11)
  3 wyverns
  3 hungry ghosts
  4 vampire mosquitoes (D:7)
  2 slaves (D:7)
  4 ice beasts
  7 orc warriors
  6 sky beasts
  2 black bears
  3 phantoms
  A necrophage (D:9)
  6 ogres
  11 centaurs
  2 crocodiles
  2 big kobolds
  2 gnoll sergeants
  A wyvern zombie (D:6)
  10 bullfrogs
  3 scorpions
  7 killer bees
  An electric eel (D:8)
  3 howler monkeys (D:10)
  3 crimson imps
  2 centaur zombies
  2 quasits (D:9)
  2 centaur skeletons (D:6)
  4 hounds
  4 jellies
  6 orc priests
  2 bullfrog skeletons
  8 orc wizards
  Terence (D:1)
  6 iguanas
  9 worker ants
  A hound zombie (D:9)
  10 gnolls
  2 worker ant zombies (D:5)
  15 adders
  3 oozes
  A worm (D:1)
  3 dart slugs (D:2)
  9 leopard geckos
  23 orcs
  7 bats
  2 giant cockroaches
  6 goblins
  5 hobgoblins
  4 jackals
  15 kobolds
  4 quokkas
  A ball python (D:7)
  6 frilled lizards
  A giant cockroach zombie (D:5)
  A leopard gecko skeleton (D:4)
  3 quokka zombies
  12 rats
282 creatures vanquished.

Vanquished Creatures (others)
  5 dream sheep (D:3)
  2 slaves (D:7)
  A bullfrog (D:6)
  A wyvern skeleton (D:6)
  3 electric eels (D:8)
  A gnoll (D:7)
  A plant (D:8)
14 creatures vanquished.

Grand Total: 296 creatures vanquished

Notes
Turn   | Place    | Note
-------+----------+-------------------------------------------
     0 | D:1      | DildoBatman the Formicid Wizard began the quest for the
                  | Orb.
     0 | D:1      | Reached XP level 1. HP: 13/13 MP: 4/4
    51 | D:1      | Reached skill level 1 in Conjurations
   293 | D:1      | Reached XP level 2. HP: 19/19 MP: 1/6
   678 | D:1      | Reached XP level 3. HP: 24/24 MP: 5/7
   683 | D:1      | Learned a level 3 spell: Conjure Flame
   687 | D:1      | Learned a level 3 spell: Mephitic Cloud
   945 | D:2      | Noticed a scorpion
  1086 | D:2      | Killed a scorpion
  1086 | D:2      | Reached XP level 4. HP: 19/30 MP: 0/8
  1358 | D:2      | Reached XP level 5. HP: 35/35 MP: 7/9
  1809 | D:2      | Noticed Sigmund
  1873 | D:2      | Noticed Terence
  2310 | D:3      | Reached skill level 5 in Conjurations
  2310 | D:3      | Reached XP level 6. HP: 13/41 MP: 0/10
  2456 | D:3      | Noticed a dream sheep
  2456 | D:3      | Noticed a dream sheep
  2456 | D:3      | Noticed a dream sheep
  2456 | D:3      | Noticed a dream sheep
  2456 | D:3      | Noticed a dream sheep
  2456 | D:3      | Found a shimmering altar of Xom.
  2460 | D:3      | Killed a dream sheep
  2460 | D:3      | Killed a dream sheep
  2461 | D:3      | Killed a dream sheep
  2462 | D:3      | Killed a dream sheep
  2462 | D:3      | Killed a dream sheep
  3673 | D:4      | Reached XP level 7. HP: 46/46 MP: 7/11
  3706 | D:5      | Entered Level 5 of the Dungeon
  3761 | D:5      | Reached skill level 1 in Fire Magic
  3999 | D:5      | Reached skill level 1 in Air Magic
  4467 | D:6      | Reached XP level 8. HP: 52/52 MP: 6/12
  4907 | D:6      | Found a staircase to the Ecumenical Temple.
  4912 | Temple   | Entered the Ecumenical Temple
  4991 | Temple   | Became a worshipper of Kikubaaqudgha
  5308 | D:5      | Reached skill level 5 in Fire Magic
  5480 | D:2      | Killed Sigmund
  5480 | D:2      | Reached XP level 9. HP: 43/57 MP: 4/13
  5680 | D:1      | Killed Terence
  5680 | D:1      | Reached skill level 5 in Air Magic
  5829 | D:7      | Reached skill level 5 in Spellcasting
  6122 | D:7      | Noticed Pikel
  6160 | D:7      | Killed Pikel
  6160 | D:7      | Reached skill level 3 in Necromancy
  6160 | D:7      | Reached XP level 10. HP: 32/63 MP: 4/21
  6211 | D:7      | Reached skill level 4 in Necromancy
  6337 | D:7      | Reached * piety under Kikubaaqudgha
  6337 | D:7      | Identified Kikubaaqudgha's Volume of Evil Secrets
                  | (Kikubaaqudgha gifted it to you on level 7 of the Dungeon)
  6337 | D:7      | Received a gift from Kikubaaqudgha
  6342 | D:7      | Learned a level 2 spell: Sublimation of Blood
  6346 | D:7      | Learned a level 3 spell: Vampiric Draining
  6595 | D:7      | Reached skill level 5 in Necromancy
  6702 | D:7      | Found Bivix's Book Boutique.
  7196 | D:8      | Reached skill level 6 in Necromancy
  7218 | D:8      | Found an ornate altar of the Wu Jian Council.
  7219 | D:8      | Found an iron altar of Okawaru.
  7219 | D:8      | Found a sacrificial altar of Ru.
  7352 | D:8      | Reached skill level 7 in Necromancy
  7619 | D:8      | Reached ** piety under Kikubaaqudgha
  7693 | D:8      | Reached skill level 8 in Necromancy
  7982 | D:8      | Found a shattered altar of Ashenzari.
  8191 | D:8      | HP: 2/63 [electric eel/bolt of electricity (10)]
  8700 | D:9      | Identified a +2 pair of boots of running (You found it on
                  | level 9 of the Dungeon)
  8773 | D:9      | Reached skill level 9 in Necromancy
  8913 | D:9      | Identified the +3 trident of Uncomfortable Rashes {flame,
                  | rF+}
  8928 | D:9      | Reached skill level 1 in Fighting
  8928 | D:9      | Reached skill level 1 in Armour
  8966 | D:9      | Found Cuegriq's Armour Boutique.
  8966 | D:9      | Found a staircase to the Orcish Mines.
  8978 | D:9      | Reached XP level 11. HP: 69/70 MP: 7/22
  9295 | D:9      | Noticed a tengu warrior
  9329 | D:9      | Killed a tengu warrior
  9422 | D:9      | Found Enny's Armour Shoppe.
  9915 | D:10     | Entered Level 10 of the Dungeon
 10064 | D:10     | Reached *** piety under Kikubaaqudgha
 10064 | D:10     | Identified Kikubaaqudgha's Compendium of Evil
                  | (Kikubaaqudgha gifted it to you on level 10 of the Dungeon)
 10064 | D:10     | Received a gift from Kikubaaqudgha
 10104 | D:10     | Reached skill level 5 in Armour
 10111 | D:10     | Learned a level 5 spell: Dispel Undead
 10191 | D:10     | Found a staircase to the Lair.
 10210 | D:10     | Reached skill level 1 in Shields
 10389 | D:10     | Noticed a two-headed ogre
 10428 | D:10     | Killed a two-headed ogre
 10559 | D:10     | Found Ushisaga's Weapon Boutique.
 11010 | D:11     | Learned a level 3 spell: Regeneration
 11035 | D:11     | Reached skill level 1 in Charms
 11043 | D:11     | Reached skill level 5 in Shields
 11180 | D:11     | Noticed a two-headed ogre
 11188 | D:11     | Reached XP level 12. HP: 73/85 MP: 11/23
 11228 | D:11     | Killed a two-headed ogre
 11275 | D:11     | Demolished by a white ugly thing

Levels and vault maps discovered:
D:1:      roderic_crop_circles_arrival_small, layout_basic
D:2:      layout_basic, first_ration, uniq_sigmund, uniq_terence
D:3:      layout_loops_cross, minmay_splitting_lines, kb_xom_exploding_sheep
D:4:      layout_basic
D:5:      layout_loops_ring
D:6:      layout_gridville, minmay_temple_entry_glassed_door,
          lemuel_old_faithful
D:7:      layout_gridville, serial_shops, shop, uniq_pikel
D:8:      layout_loops_ring, ashenzari_conservatory_becter,
          chequers_temple_overflow_statue_of_worship, serial_bayou,
          serial_bayou_ford_a, serial_bayou_pond_d, serial_bayou_pond_b,
          serial_bayou_shore_b
D:9:      minmay_s_stair_smasher, layout_basic, orc_david_3, serial_shops,
          nicolae_shop_behind_doors
D:10:     layout_small_grid, dpeg_oklobed_lair, serial_shops, kennysheep_mini,
          serial_rivers, chequers_serial_rivers_large_b,
          chequers_serial_rivers_micro_e, chequers_serial_rivers_micro_b,
          chequers_serial_rivers_large_a, chequers_serial_rivers_small_a,
          chequers_serial_rivers_small_b
D:11:     minmay_angry_zag, layout_irregular_city, uniq_erica, uniq_erolcha
Temple:   compressed_dpeg_circular_temple

Skill      XL: |  1  2  3  4  5  6  7  8  9 10 11 12 |
---------------+-------------------------------------+-----
Conjurations   | 1 2 3 4 5 6 |  6.0
Fire Magic     | 3 5 |  5.1
Air Magic      | 2 4 5 |  5.0
Spellcasting   | 7 |  7.3
Necromancy     | 3 9 |  9.1
Fighting       | 1 4 |  4.9
Armour         | 1 5 |  5.0
Dodging        | 2 4 |  4.6
Shields        | 5 6 |  6.7
Charms         | 2 3 |  3.8
Stealth        | |  2.4
Summonings     | |  1.0
Translocations | |  0.8

Action                   |  1- 3 |  4- 6 |  7- 9 | 10-12 || total
-------------------------+-------+-------+-------+-------++-------
Melee: Unarmed           |     4 |       |       |       ||     4
       Club              |     1 |       |       |       ||     1
       Short sword       |     3 |     4 |    27 |    16 ||    50
       Halberd           |       |       |    48 |    63 ||   111
       Glaive            |       |       |       |   139 ||   139
       Trident           |       |       |       |   324 ||   324
 Fire: Hunting sling     |    32 |   116 |   126 |       ||   274
Throw: Stone             |       |       |       |     1 ||     1
 Cast: Magic Dart        |    33 |    69 |    30 |   102 ||   234
       Mephitic Cloud    |     1 |     4 |    24 |    63 ||    92
       Conjure Flame     |     1 |     2 |    23 |    70 ||    96
       Vampiric Draining |       |       |       |     8 ||     8
       Dispel Undead     |       |       |       |     4 ||     4
       Sublimation of Bl |       |       |       |     1 ||     1
 Abil: Dig               |       |     2 |    11 |    23 ||    36
Evoke: Wand              |       |       |     6 |     3 ||     9
  Use: Scroll            |       |     2 |     4 |     3 ||     9
 Stab: Confused          |     1 |       |     2 |    15 ||    18
       Sleeping          |       |       |       |     2 ||     2
       Distracted        |       |       |       |     1 ||     1
  Eat: Chunk             |       |     9 |    12 |    22 ||    43
Armor: Robe              |     5 |     9 |       |       ||    14
       Leather armour    |       |     3 |    25 |    74 ||   102
Dodge: Dodged            |    12 |    48 |    78 |   133 ||   271
Block: Buckler           |       |       |       |     6 ||     6
